 Dungeon Crawl Stone Soup version 0.31-b1-17-gcfd88c8481 (webtiles) character file.

Game seed: 2961022707119844614

58 Arctor the Vexing (level 4, -1/34 HPs)
             Began as a Gnoll Hexslinger on Jan 15, 2024.
             Slain by Natasha (9 damage)
             ... on level 3 of the Dungeon.
             The game lasted 00:02:09 (1776 turns).

Arctor the Vexing (Gnoll Hexslinger)                Turns: 1776, Time: 00:02:10

Health: -1/34      AC:  2    Str:  7    XL:     4   Next: 1%
Magic:  8/8        EV: 14    Int: 13    God:
Gold:   57         SH:  0    Dex: 16    Spells: 8/8 levels left

rFire   . . .        f - +1 spear (venom)
rCold   . . .        (no shield)
rNeg    . . .        c - +0 robe
rPois   .            (no helmet)
rElec   .            (no cloak)
rCorr   .            (no gloves)
SInv    .            (no boots)
Will    .....        k - amulet of faith
Stlth   ++           (no ring)
HPRegen 0.25/turn    (no ring)
MPRegen 0.11/turn

%: faith
@: slowed, very slow
A: fangs 1, strong nose, distributed training
a: no special abilities


You were on level 3 of the Dungeon.
You visited 1 branch of the dungeon, and saw 3 of its levels.

You collected 57 gold pieces.

Inventory:

Hand Weapons
 a - a +1 sling
 f - a +1 spear of venom (weapon)
Armour
 c - a +0 robe (worn)
Jewellery
 k - an amulet of faith (around neck)
 m - a +4 ring of protection
Talismans
 e - a flux talisman
 i - a flux talisman
Scrolls
 b - a scroll of poison
 d - 5 scrolls of identify {unknown}
 g - a scroll of amnesia {unknown}
 l - a scroll of revelation {unknown}
 n - 2 scrolls of teleportation {unknown}
Potions
 h - a potion of attraction {unknown}
 j - a potion of might {unknown}


   Skills:
 + Level 2.7 Fighting
 + Level 1.0 Short Blades
 + Level 1.0 Long Blades
 + Level 1.0 Axes
 + Level 1.0 Maces & Flails
 + Level 1.0 Polearms
 + Level 1.0 Staves
 + Level 4.6 Ranged Weapons
 + Level 1.0 Throwing
 + Level 1.0 Armour
 + Level 4.6 Dodging
 + Level 1.0 Stealth
 + Level 1.0 Shields
 + Level 1.0 Unarmed Combat
 + Level 2.9 Spellcasting
 + Level 0.8 Conjurations
 + Level 5.4 Hexes
 + Level 0.8 Summonings
 + Level 0.8 Necromancy
 + Level 0.8 Translocations
 + Level 2.2 Fire Magic
 + Level 0.8 Ice Magic
 + Level 0.8 Air Magic
 + Level 0.8 Earth Magic
 + Level 0.8 Alchemy
 + Level 1.1 Invocations
 + Level 1.0 Evocations
 + Level 1.0 Shapeshifting


You had 8 spell levels left.
You didn't know any spells.
Your spell library contained the following spells:

 Spells                   Type           Power      Damage    Failure   Level
 Jinxbite                 Hex            32%        N/A       3%          2
 Sigil of Binding         Hex            16%        N/A       8%          3
 Inner Flame              Hex/Fire       11%        N/A       14%         3
 Cause Fear               Hex            8%         N/A       24%         4
 Dimensional Bullseye     Hex/Tloc       5%         N/A       54%         4


Dungeon Overview and Level Annotations

Branches:
Dungeon (3/15)

Altars:
Fedhas

Shops:
D:2 (

Annotations:
D:3 Natasha


Innate Abilities, Weirdness & Mutations

You have very sharp teeth.
Your uncanny sense of smell can sniff out nearby items.
Your experience applies equally to all skills.


Message History

You hit the hobgoblin but do no damage.
The hobgoblin is poisoned.
You feel sick. The hobgoblin hits you.
You hit the hobgoblin but do no damage.
The hobgoblin looks as sick as possible!
You feel sick.
You are no longer poisoned.
The hobgoblin misses you.
You hit the hobgoblin.
You kill the hobgoblin!
Your Shapeshifting skill increases to level 1!
You have reached level 4!
You feel clever.
Natasha, Servant of Life and Death comes into view.
Natasha moves out of view.
No target in view!
Natasha is nearby!
Natasha stares at you and mumbles some strange words.
You feel yourself slow down.
You see here an adder corpse.
Natasha is nearby!
Natasha claws you!
Natasha is nearby!
You hit Natasha.
Natasha is lightly wounded.
Natasha stares at you and mumbles some strange words.
You resist with some effort. Natasha claws you.
Natasha is nearby!
You are too injured to fight recklessly!
You are too injured to fight recklessly!
You are too injured to fight recklessly!
You are too injured to fight recklessly!
Unknown command.
You barely miss Natasha. Natasha completely misses you.
You barely miss Natasha. You bite Natasha, but do no damage.
Natasha stares at you and mumbles some strange words.
The magic dart hits you!
* * * LOW HITPOINT WARNING * * *
Natasha claws you!
You die...
Natasha begins licking her fur clean.

..#####
..#....
.......
.......
.......
##.......
#h.......
#@.......
#†.......
#.######+
#...#
#.######
#......#
######.#
#.# #.#


You could see Natasha.

Vanquished Creatures
  2 adders (D:3)
  3 bats
  5 endoplasms
  2 giant cockroaches
  4 goblins
  5 hobgoblins
  6 kobolds
  3 quokkas
  A ball python (D:2)
  3 frilled lizards (D:1)
  2 rats
36 creatures vanquished.

Notes
Turn   | Place    | Note
-------+----------+-------------------------------------------
     0 | D:1      | Arctor the Gnoll Hexslinger began the quest for the Orb.
     0 | D:1      | Reached XP level 1. HP: 17/17 MP: 4/4
   152 | D:1      | Reached XP level 2. HP: 17/23 MP: 5/5
   810 | D:2      | Reached XP level 3. HP: 20/28 MP: 7/7
  1035 | D:2      | Found Gidinwoa's Antique Weapon Shop.
  1132 | D:2      | Found a blossoming altar of Fedhas.
  1153 | D:2      | Reached skill level 1 in Invocations
  1759 | D:3      | Reached skill level 1 in Short Blades
  1759 | D:3      | Reached skill level 1 in Long Blades
  1759 | D:3      | Reached skill level 1 in Axes
  1759 | D:3      | Reached skill level 1 in Maces & Flails
  1759 | D:3      | Reached skill level 1 in Polearms
  1759 | D:3      | Reached skill level 1 in Staves
  1759 | D:3      | Reached skill level 1 in Throwing
  1759 | D:3      | Reached skill level 1 in Armour
  1759 | D:3      | Reached skill level 1 in Stealth
  1759 | D:3      | Reached skill level 1 in Shields
  1759 | D:3      | Reached skill level 1 in Unarmed Combat
  1759 | D:3      | Reached skill level 1 in Evocations
  1767 | D:3      | Reached skill level 1 in Shapeshifting
  1767 | D:3      | Reached XP level 4. HP: 25/34 MP: 8/8
  1769 | D:3      | Noticed Natasha
  1776 | D:3      | Slain by Natasha

Illustrated notes

Levels and vault maps discovered:
D:1:      dpeg_arrival_rooms_with_view, layout_basic
D:2:      layout_basic, serial_shops, shop, basic_altar
D:3:      layout_basic, lemuel_tele_altar, uniq_natasha

Skill      XL: |  1  2  3 |
---------------+----------+-----
Fire Magic     | 2 |  2.2
Invocations    | 1 |  1.1
Short Blades   | 1 |  1.0
Long Blades    | 1 |  1.0
Axes           | 1 |  1.0
Maces & Flails | 1 |  1.0
Polearms       | 1 |  1.0
Staves         | 1 |  1.0
Throwing       | 1 |  1.0
Armour         | 1 |  1.0
Stealth        | 1 |  1.0
Shields        | 1 |  1.0
Unarmed Combat | 1 |  1.0
Evocations     | 1 |  1.0
Shapeshifting  | 1 |  1.0
Fighting       | |  2.7
Ranged Weapons | |  4.6
Dodging        | |  4.6
Spellcasting   | |  2.9
Conjurations   | |  0.8
Hexes          | |  5.4
Summonings     | |  0.8
Necromancy     | |  0.8
Translocations | |  0.8
Ice Magic      | |  0.8
Air Magic      | |  0.8
Earth Magic    | |  0.8
Alchemy        | |  0.8

Action                     |  1- 3 |  4- 6 || total
---------------------------+-------+-------++-------
  Melee: Spear             |    91 |     3 ||    94
         Bite              |    11 |     1 ||    12
   Fire: Sling             |    11 |       ||    11
   Stab: Sleeping          |     4 |       ||     4
 Armour: Robe              |    35 |     4 ||    39
  Dodge: Dodged            |    53 |     1 ||    54
